 Dungeon Crawl Stone Soup version 0.31.0-32-g396128a36d (webtiles) character file.

Game seed: 4000945823572574809

151 Dukelukem the Slasher (level 5, 0/72 HPs)
             Began as a Minotaur Berserker on Apr 2, 2024.
             Was a Believer of Trog.
             Succumbed to an adder's poison
             ... on level 3 of the Dungeon.
             The game lasted 00:15:02 (2163 turns).

Dukelukem the Slasher (Minotaur Berserker)          Turns: 2163, Time: 00:15:02

Health: 0/72       AC:  2    Str: 24 (27) XL:     5   Next: 11%
Magic:  4/4        EV: 12    Int: -2 (1)  God:    Trog [**....]
Gold:   174        SH:  0    Dex:  7 (9)  Spells: 4/4 levels left

rFire   . . .        a - +0 falchion
rCold   . . .        (no shield)
rNeg    . . .        b - +0 animal skin
rPois   .            (helmet restricted)
rElec   .            (no cloak)
rCorr   .            (no gloves)
SInv    .            (no boots)
Will    .....        (no amulet) Stlth
                     (no ring)
HPRegen 0.32/turn    (no ring)
MPRegen 0.09/turn

%: no passive effects
@: berserking, lethally poisoned (0 -> -3), slowed, lost intelligence, unable to
read
A: horns 2, retaliatory headbutt, dopey 1, strong 1
a: Renounce Religion, Berserk, Trog's Hand


You were on level 3 of the Dungeon.
You worshipped Trog.
Trog was pleased with you.
You visited 1 branch of the dungeon, and saw 3 of its levels.

You collected 174 gold pieces.

Inventory:

Hand Weapons
 a - a +0 falchion (weapon)
Armour
 b - a +0 animal skin (worn)
Jewellery
 f - a +6 ring of dexterity
Wands
 j - a wand of roots (7)
Potions
 d - a potion of brilliance
 g - a potion of degeneration


   Skills:
 + Level 5.2 Fighting
 + Level 5.3 Long Blades
 + Level 2.6 Armour
 + Level 3.0 Dodging
 + Level 0.1 Stealth


You had 4 spell levels left.
You didn't know any spells.
Your spell library was empty.

Dungeon Overview and Level Annotations

Branches:
Dungeon (3/15)

Altars:

Shops:
D:2 [


Innate Abilities, Weirdness & Mutations

You have a pair of horns on your head.
You reflexively headbutt those who attack you in melee.
You are dopey. (Int -2)
Your muscles are strong. (Str +4, Int/Dex -1)


Message History

You are more poisoned.
The adder poisons you!
You miss the adder.
The adder is severely wounded.
You feel extremely sick. The adder closely misses you. The adder bites you.
You barely miss the adder. Your headbutt misses the adder.
Your punch misses the adder.
The adder is severely wounded.
* * * LOW HITPOINT WARNING * * *
You feel very sick. The adder closely misses you.
You miss the adder. Your headbutt misses the adder.
The adder is severely wounded.
* * * LOW HITPOINT WARNING * * *
You feel very sick. The adder bites you.
* * * LOW HITPOINT WARNING * * *
The adder misses you. You furiously retaliate!
You headbutt the adder. The adder bites you.
* * * LOW HITPOINT WARNING * * *
You are more poisoned.
The adder poisons you!
A red film seems to cover your vision as you go berserk!
You feel yourself moving faster!
You feel mighty!
* * * LOW HITPOINT WARNING * * *
You feel very sick. The adder closely misses you.
The adder bites you but does no damage.
You barely miss the adder. You headbutt the adder.
You kill the adder!
Trog accepts your kill.
* * * LOW HITPOINT WARNING * * *
You feel sick.
Your Dodging skill increases to level 3!
Calm down first, please.
* * * LOW HITPOINT WARNING * * *
You feel sick.
You see here an adder corpse.
You feel a strong urge to attack something.
You die...

#####.#.#####.#
##..............
##..###.#.#####. ##..##
#.#.# #..## #.#.###
###>######.<...###.#.#
###>....................
.....#########.#†###.#.#
.....'.......#.#@....#
.....###.:##.#.#.......#
.....# #..##.#.#.#######
.....# #..##.#.#.#
##†### #..##.#.#.# #.#
###..##.# #.# #.#
#....##.# #.#
#.###.#.....# #.#
#.##.....####


There were no monsters in sight!

Vanquished Creatures
  Natasha (thrice) (D:2)
  Robin (D:2)
  An adder (D:3)
  A ribbon worm (D:2)
  7 ball pythons
  4 bats
  2 endoplasms
  16 goblins
  5 hobgoblins
  3 jackals (D:2)
  2 quokkas (D:1)
  2 frilled lizards (D:1)
  A kobold (D:1)
  2 rats
50 creatures vanquished.

Notes
Turn   | Place    | Note
-------+----------+-------------------------------------------
     0 | D:1      | Dukelukem the Minotaur Berserker began the quest for the
                  | Orb.
     0 | D:1      | Reached XP level 1. HP: 19/19 MP: 0/0
   334 | D:1      | Reached XP level 2. HP: 27/27 MP: 1/1
   654 | D:1      | Reached ** piety under Trog
  1046 | D:2      | Noticed Robin
  1055 | D:2      | Reached XP level 3. HP: 33/33 MP: 2/2
  1065 | D:2      | Killed Robin
  1145 | D:2      | Found Amaowala's Antique Armour Emporium.
  1180 | D:2      | Noticed Natasha
  1188 | D:2      | Killed Natasha
  1189 | D:2      | Reached skill level 5 in Long Blades
  1189 | D:2      | Reached XP level 4. HP: 11/41 MP: 3/3
  1447 | D:2      | Noticed Natasha
  1459 | D:2      | Killed Natasha
  1548 | D:2      | Noticed Natasha
  1556 | D:2      | Killed Natasha
  1557 | D:2      | Reached skill level 5 in Fighting
  1609 | D:2      | Reached XP level 5. HP: 10/48 MP: 4/4
  2069 | D:2      | Lost intelligence.
  2069 | D:2      | Gained mutation: You are dopey. (Int -2) [potion of
                  | mutation]
  2069 | D:2      | Gained mutation: Your muscles are strong. (Str +4, Int/Dex
                  | -1) [potion of mutation]
  2160 | D:3      | HP: 3/72 [poisoned by an adder]
  2162 | D:3      | HP: 1/72 [poisoned by an adder]
  2163 | D:3      | Succumbed to an adder's poison

Illustrated notes

Levels and vault maps discovered:
D:1:      dpeg_arrival_three_bigger_balls, layout_basic, minmay_cut_off
D:2:      layout_rooms, serial_shops, nicolae_shop_window_shopping,
          uniq_natasha, uniq_robin
D:3:      layout_basic, mainiacjoe_overflow_alcove_3, serial_shops, shop,
          uniq_jessica

Skill      XL: |  1  2  3  4  5 |
---------------+----------------+-----
Long Blades    | 4 5 |  5.3
Fighting       | 4 5 |  5.2
Dodging        | 3 |  3.0
Armour         | |  2.6
Stealth        | |  0.1

Action                     |  1- 3 |  4- 6 || total
---------------------------+-------+-------++-------
  Melee: Falchion          |    66 |    44 ||   110
         Headbutt          |     4 |     5 ||     9
 Invoke: Berserk           |     2 |     4 ||     6
         Trog's Hand       |       |     1 ||     1
    Use: Scroll            |     4 |     1 ||     5
         Potion            |       |     6 ||     6
 Armour: Animal skin       |    46 |    43 ||    89
  Dodge: Dodged            |    46 |    46 ||    92
